 Dungeon Crawl Stone Soup version 0.26-a0-466-g989023bd0d (webtiles) character file.

Game seed: 2262779473434469560

17 Klosterheim the Firebug (level 2, -2/21 HPs)
             Began as a Demonspawn Fire Elementalist on Aug 10, 2020.
             Slain by a hobgoblin (3 damage)
             ... on level 1 of the Dungeon on Sept 7, 2020.
             The game lasted 00:03:32 (544 turns).

Klosterheim the Firebug (DsFE)                       Turns: 544, Time: 00:03:33

Health: -2/21      AC:  5    Str:  8    XL:     2   Next: 44%
Magic:  4/5        EV: 12    Int: 16    God:
Gold:   21         SH:  0    Dex: 13    Spells: 4/5 levels left

rFire    . . .     SeeInvis .   (no weapon)
rCold    . . .     Faith    .   (no shield)
rNeg     . . .     Spirit   .   a - +0 robe
rPois    .         Reflect  .   (helmet restricted)
rElec    .         Harm     .   (no cloak)
rCorr    .                      (no gloves)
MR       .....                  b - +2 pair of boots
Stlth    ++........             (no amulet)
HPRegen  0.07/turn              (no ring)
MPRegen  0.09/turn              (no ring)

@: no status effects
A: antennae 1
a: no special abilities


You were on level 1 of the Dungeon.
You visited 1 branch of the dungeon, and saw 1 of its levels.

You collected 21 gold pieces.

Inventory:

Armour
 a - a +0 robe (worn)
 b - a +2 pair of boots (worn)


   Skills:
 + Level 1.1 Fighting
 + Level 2.0 Dodging
 - Level 2.0 Stealth
 - Level 2.0 Spellcasting
 - Level 1.0 Conjurations
 + Level 3.0 Fire Magic


You had 4 spell levels left.
You knew the following spells:

 Your Spells              Type           Power        Failure   Level
a - Foxfire               Conj/Fire      #...         9%          1

Your spell library contained the following spells:

 Spells                   Type           Power        Failure   Level
 Conjure Flame            Conj/Fire      #.......     26%         3
 Inner Flame              Hex/Fire       #.......     32%         3
 Sticky Flame             Conj/Fire      #.......     65%         4
 Fireball                 Conj/Fire      #.........   94%         5


Dungeon Overview and Level Annotations

Branches:
Dungeon (1/15)

Altars:


Innate Abilities, Weirdness & Mutations

You have a pair of small antennae on your head.


Message History

You barely miss the hobgoblin.
The hobgoblin is heavily wounded.
The hobgoblin hits you.
* * * LOW HITPOINT WARNING * * *
You hit the hobgoblin but do no damage.
The hobgoblin is heavily wounded.
The hobgoblin misses you.
You hit the hobgoblin.
The hobgoblin is almost dead.
The hobgoblin hits you but does no damage.
You hit the hobgoblin but do no damage.
The hobgoblin is almost dead.
The hobgoblin misses you.
You hit the hobgoblin but do no damage.
The hobgoblin is severely wounded.
The hobgoblin hits you but does no damage.
You hit the hobgoblin but do no damage.
The hobgoblin is severely wounded.
The hobgoblin hits you.
You die...

#....# #.#.##.#..#.# #........
#....## #†#.##.#..#.###+####+##
#.....###.#.......).#.........#
#.......#.#.........#.........#
#.....#.#.#######...#...).....#
#.....#.#...(.......#.........#
###...#.#########.#.#....(.....
###...#.#########.#.###.####...
#............g@..........###..(
#....#.≈≈§≈§≈≈§#########.##≈.##
..#....#.#......≈....# #.#.≈.#
...†...#.######.§§≈§§### #.#.§.#
.#####.#...........≈...#.#.#§§§#
#.#.#########§§≈§.#.#.#.≈.#
#.#.#.....§....(≈.§.#.#.≈.#
#.#.# ###§≈§≈§≈.≈≈§§#...≈.#
..#.# #...≈...≈§§§§§#.≈§≈.#


You could see a hobgoblin.

Vanquished Creatures
  2 dart slugs (D:1)
  A leopard gecko (D:1)
  3 bats (D:1)
  A goblin (D:1)
  4 kobolds (D:1)
11 creatures vanquished.

Vanquished Creatures (others)
  46 foxfires (D:1)
46 creatures vanquished.

Grand Total: 57 creatures vanquished

Notes
Turn   | Place    | Note
-------+----------+-------------------------------------------
     0 | D:1      | Klosterheim the Demonspawn Fire Elementalist began the
                  | quest for the Orb.
     0 | D:1      | Reached XP level 1. HP: 13/13 MP: 3/3
   190 | D:1      | Gained mutation: You have a pair of small antennae on your
                  | head. [demonic ancestry]
   190 | D:1      | Reached XP level 2. HP: 20/20 MP: 1/5
   371 | D:1      | Reached skill level 1 in Fighting
   423 | D:1      | Reached skill level 3 in Fire Magic
   539 | D:1      | HP: 1/21 [hobgoblin (2)]
   544 | D:1      | Slain by a hobgoblin

Illustrated notes

Levels and vault maps discovered:
D:1:      psy_arrival_radial02, layout_basic

Skill      XL: |  1  2 |
---------------+-------+-----
Stealth        | 2 |  2.0
Dodging        | 2 |  2.0
Fighting       | 1 |  1.1
Fire Magic     | 3 |  3.0
Spellcasting   | |  2.0
Conjurations   | |  1.0

Action                   || total
-------------------------++-------
Melee: Unarmed           ||    54
 Cast: Foxfire           ||    27
Armor: Robe              ||    10
Dodge: Dodged            ||    41

Table legend: (Time is in decaauts)
 A = Elapsed time spent in this place.
 B = Non-inter-level travel time spent in this place.
 C = Inter-level travel time spent in this place.
 D = Time resting spent in this place.
 E = Time spent auto-exploring this place.
 F = Levels seen in this place.
 G = Mean time per level.
                   A        B        C        D        E       F      G
               +--------+--------+--------+--------+--------+-----+--------+
         Total |    544 |    533 |     11 |    148 |    235 |   1 |  544.0 |
       Dungeon |    544 |    533 |     11 |    148 |    235 |   1 |  544.0 |
               +--------+--------+--------+--------+--------+-----+--------+

Top non-repeatable levels by time:
     D:1: 544 daAuts
